 Dungeon Crawl Stone Soup version 0.23.0-3-gf3c87f2 (webtiles) character file.

Game seed: 13076827617652324832

870 Irenicus the Cleaver (level 7, -2/58 HPs)
             Began as a Deep Dwarf Gladiator on Feb 24, 2019.
             Slain by an ogre
             ... wielding a +0 giant spiked club
              (24 damage)
             ... on level 4 of the Dungeon.
             The game lasted 00:11:48 (1736 turns).

Irenicus the Cleaver (Deep Dwarf Gladiator)         Turns: 1736, Time: 00:11:49

Health: -2/58      AC:  5    Str: 17    XL:     7   Next: 73%
Magic:  5/5        EV: 13    Int:  9    God:
Gold:   126        SH:  0    Dex: 16    Spells: 6/6 levels left

rFire    . . .     SeeInvis .   a - +0 war axe
rCold    . . .     Gourm    .   (no shield)
rNeg     . . .     Faith    .   b - +0 leather armour
rPois    .         Spirit   .   r - +0 helmet (curse)
rElec    .         Reflect  .   o - +0 cloak
rCorr    .         Harm     .   (no gloves)
MR       +....                  (no boots)
Stlth    +.........             (no amulet)
HPRegen  0.00/turn              (no ring)
MPRegen  0.09/turn              (no ring)

@: non-regenerating, hasted, very quick
A: damage resistance, heal wounds, sense surroundings 1, no regeneration
a: Heal Wounds


You were on level 4 of the Dungeon.
You were very hungry.

You visited 1 branch of the dungeon, and saw 4 of its levels.

You collected 126 gold pieces.

Inventory:

Hand Weapons
 a - a +0 war axe (weapon)
Missiles
 d - 2 throwing nets (quivered) {=f, !d}
Armour
 b - a +0 leather armour (worn)
 m - a +0 shield
   (You found it on level 1 of the Dungeon)
 o - a +0 cloak (worn)
   (You found it on level 3 of the Dungeon)
 r - a cursed +0 helmet (worn)
   (You found it on level 2 of the Dungeon)
Jewellery
 q - an uncursed ring of ice {rC+, rF-}
   (You found it on level 2 of the Dungeon)
Wands
 t - a wand of paralysis (3)
   (You took it off a gnoll shaman on level 4 of the Dungeon)
Scrolls
 c - a scroll of fear {unknown}
 e - a scroll of enchant weapon {unknown}
 g - 2 scrolls of amnesia {unknown}
 h - 3 scrolls of identify {unknown}
 j - a scroll of blinking {unknown}
 k - a scroll of random uselessness {unknown}
 l - 2 scrolls of noise {unknown}
 p - 3 scrolls of remove curse {unknown}
 s - a scroll of teleportation {unknown}
Potions
 i - a potion of haste
 n - 3 potions of curing
Comestibles
 f - 4 rations


   Skills:
 - Level 1.7 Fighting
 + Level 10.1 Axes
 - Level 1.7 Throwing
 - Level 3.2 Dodging


You had 6 spell levels left.
You didn't know any spells.
Your spell library was empty.

Dungeon Overview and Level Annotations

Branches:
Dungeon (4/15)
 Temple: D:4-7

Altars:
Cheibriados
Dithmenos
Nemelex Xobeh

Annotations:
D:4 Blork the orc


Innate Abilities, Weirdness & Mutations

You are resistant to damage.
You can heal yourself by infusing magical energy.
You passively map a small area around you.
You do not regenerate.


Message History

The gnoll hits you from afar with a +2 spear of freezing.
The gnoll freezes you. The gnoll hits you. The gnoll shaman closely misses you.
The gnoll hits you from afar with a +0 spear!
* * * LOW HITPOINT WARNING * * *
You take 12 damage, and have 13/58 hp.
MASSIVE DAMAGE!!
The gnoll hits you but does no damage. The gnoll shaman closely misses you.
The gnoll hits you with a +2 spear of freezing.
The gnoll freezes you. The gnoll misses you.
The gnoll hits you with a +0 spear.
* * * LOW HITPOINT WARNING * * *
You take 3 damage, and have 10/58 hp.
You slash the gnoll! x2; You slash the gnoll shaman!
You slash the gnoll!
The gnoll shaman zaps a wand.
You resist with almost no effort.
The gnoll hits you with a +2 spear of freezing.
* * * LOW HITPOINT WARNING * * *
The gnoll freezes you. The gnoll barely misses you.
The gnoll hits you with a +0 spear.
* * * LOW HITPOINT WARNING * * *
You take 3 damage, and have 7/58 hp.
You feel much better. The gnoll hits you. The gnoll shaman barely misses you.
The gnoll hits you with a +2 spear of freezing.
The gnoll freezes you.
The gnoll hits you but does no damage. x2
You regained 25 hp, and now have 32/58 hp.
You slash the gnoll!
You kill the gnoll!
You slash the gnoll!
You kill the gnoll!
You slash the gnoll shaman! You hit the gnoll.
The gnoll shaman barely misses you. The gnoll closely misses you.
You hit the gnoll shaman but do no damage.
You hit the gnoll but do no damage.
The gnoll shaman mumbles some strange prayers to its god against you.
You resist with almost no effort. The gnoll misses you.
The gnoll shaman hits you with a +0 whip.
You hit the gnoll shaman. You slash the gnoll!
You kill the gnoll!
The gnoll shaman closely misses you.
You barely miss the gnoll shaman. The gnoll shaman barely misses you.
You hit the gnoll shaman but do no damage.
The gnoll shaman hits you with a +0 whip!
You take 4 damage, and have 28/58 hp.
You barely miss the gnoll shaman.
The gnoll shaman utters an invocation to its god.
The gnoll shaman is healed somewhat.
You closely miss the gnoll shaman. The gnoll shaman closely misses you.
You slash the gnoll shaman!
You kill the gnoll shaman!
Items here: ) / ? [ † a +0 whip; a +0 leather armour; a wand of paralysis (3) a scroll labeled WIGUGHIHAT; a gnoll corpse
Things that are here:
2 gold pieces; a gnoll corpse
Items here: ) / ? [ † a +0 whip; a +0 leather armour; a wand of paralysis (3) a scroll labeled WIGUGHIHAT; a gnoll corpse
t - a wand of paralysis (3)
p - 2 scrolls labeled WIGUGHIHAT (gained 1) Autopickup is now on.
You now have 126 gold pieces (gained 2).
You see here a gnoll corpse.
p - 3 scrolls labeled WIGUGHIHAT (gained 1)
You see here a +2 spear of freezing.
Things that are here:
a +0 spear; a gnoll corpse A sky beast comes into view.
Found a sparkling altar of Nemelex Xobeh.
You slash the sky beast!
The sky beast hits you but does no damage.
You barely miss the sky beast. The sky beast hits you.
The sky beast shocks you.
You take 4 damage, and have 24/58 hp.
You slash the sky beast! The sky beast closely misses you.
You hit the sky beast but do no damage. The sky beast closely misses you.
You barely miss the sky beast. The sky beast closely misses you.
You closely miss the sky beast.
The sky beast hits you but does no damage.
You closely miss the sky beast.
The sky beast flickers out of sight!
Deactivating autopickup; reactivate with Ctrl-A.
Something barely misses you.
You closely miss something. Something hits you but does no damage.
You slash something! Something hits you but does no damage.
You hit something. Something hits you but does no damage.
You slash something!
Reactivating autopickup.
Your Axes skill increases to level 10!
You feel a bit more experienced.
You are feeling very hungry.
Blork the orc comes into view.
He is wielding a +0 trident.
Blork the orc shouts!
Blork the orc misses you.
An ogre comes into view. It is wielding a +0 giant spiked club.
You feel yourself speed up. Blork the orc completely misses you.
Blork the orc gestures wildly while chanting.
Blork the orc seems to speed up.
Blork the orc hits you from afar with a +0 trident.
You take 2 damage, and have 22/58 hp.
You closely miss the ogre.
Blork the orc hits you from afar with a +0 trident.
The ogre hits you with a +0 giant spiked club!!
You die...

### * #.. * * *
* ... .., * ..
*#.# ,** #.###.#
* .o##.# *
*#O##.#
#.##@##.#
#.......# * ***
#.......#
#######
#.##.##.#
#.....# #.
#.##.# #.....# #
#.##.# #.....#
*#.##.###.....#
#.##.........#
........#####.##


You could see Blork the orc and an ogre.

Vanquished Creatures
  Grinder (D:3)
  A sky beast (D:4)
  Purgy (D:4)
  A phantom (D:4)
  A scorpion (D:4)
  A howler monkey (D:4)
  A gnoll shaman (D:4)
  2 orc wizards (D:3)
  Jessica (D:3)
  2 worker ants (D:4)
  A howler monkey skeleton (D:4)
  3 gnolls (D:4)
  4 adders
  An adder skeleton (D:4)
  A worm (D:3)
  6 dart slugs
  A leopard gecko (D:1)
  3 orcs (D:3)
  9 bats
  2 giant cockroaches
  4 goblins
  5 hobgoblins (D:2)
  3 jackals (D:1)
  2 quokkas (D:4)
  3 ball pythons
  2 frilled lizards
  6 kobolds
  4 rats
72 creatures vanquished.

Notes
Turn   | Place    | Note
-------+----------+-------------------------------------------
     0 | D:1      | Irenicus the Deep Dwarf Gladiator began the quest for the
                  | Orb.
     0 | D:1      | Reached XP level 1. HP: 19/19 MP: 1/1
   234 | D:1      | Reached skill level 4 in Axes
   234 | D:1      | Reached XP level 2. HP: 24/26 MP: 2/2
   538 | D:2      | Found a shadowy altar of Dithmenos.
   543 | D:2      | Found a snail-covered altar of Cheibriados.
   554 | D:2      | HP: 6/26 [dart slug (1)]
   555 | D:2      | Reached XP level 3. HP: 8/32 MP: 3/3
   615 | D:2      | HP: 6/32 [adder (2)]
   620 | D:2      | Reached skill level 5 in Axes
   838 | D:2      | HP: 2/32 [hobgoblin/+0 club (4)]
   951 | D:2      | Reached XP level 4. HP: 19/39 MP: 4/4
  1104 | D:3      | Noticed Jessica
  1110 | D:3      | Killed Jessica
  1119 | D:3      | HP: 7/39 [orc wizard/magic dart (3)]
  1120 | D:3      | Reached skill level 6 in Axes
  1126 | D:3      | Reached XP level 5. HP: 8/45 MP: 5/5
  1332 | D:3      | Noticed Grinder
  1336 | D:3      | HP: 8/45 [Grinder/nerve-wracking pain (13)]
  1340 | D:3      | Paralysed by Grinder for 7 turns
  1347 | D:3      | HP: 9/45 [Grinder/nerve-wracking pain (6)]
  1357 | D:3      | HP: 8/45 [Grinder/nerve-wracking pain (9)]
  1362 | D:3      | Killed Grinder
  1362 | D:3      | Reached skill level 8 in Axes
  1362 | D:3      | Reached XP level 6. HP: 29/52 MP: 5/5
  1463 | D:4      | Noticed Purgy
  1471 | D:4      | HP: 12/52 [scorpion (4)]
  1474 | D:4      | HP: 4/52 [Purgy (3)]
  1477 | D:4      | Killed Purgy
  1479 | D:4      | Reached XP level 7. HP: 36/58 MP: 6/6
  1498 | D:4      | Reached skill level 9 in Axes
  1627 | D:4      | Paralysed by a gnoll shaman for 5 turns
  1630 | D:4      | HP: 14/58 [gnoll/+2 spear of freezing (8)]
  1631 | D:4      | HP: 3/58 [gnoll/+0 spear (5)]
  1668 | D:4      | Found a sparkling altar of Nemelex Xobeh.
  1682 | D:4      | Reached skill level 10 in Axes
  1731 | D:4      | Noticed Blork the orc
  1736 | D:4      | Slain by an ogre

Skill      XL: |  1  2  3  4  5  6  7 |
---------------+----------------------+-----
Axes           | 4 5 6 8 10 | 10.1
Fighting       | |  1.7
Throwing       | |  1.7
Dodging        | |  3.2

Action                   |  1- 3 |  4- 6 |  7- 9 || total
-------------------------+-------+-------+-------++-------
Melee: War axe           |    96 |    84 |    55 ||   235
Throw: Throwing net      |     1 |     1 |     1 ||     3
 Abil: Heal Wounds       |     1 |     5 |     2 ||     8
  Use: Potion            |       |     6 |     1 ||     7
 Stab: Sleeping          |       |     3 |     1 ||     4
       Held in net/web   |       |     2 |       ||     2
       Invisible         |       |     1 |       ||     1
  Eat: Chunk             |       |     1 |     1 ||     2
Armor: Leather armour    |    37 |    25 |    18 ||    80
Dodge: Dodged            |    75 |    70 |    47 ||   192

Levels and vault maps discovered:
D:1:      minmay_arrival_loop, layout_loops_corners, moated_statue,
          chequers_garden, hangedman_abyss_or_decor_stabs
D:2:      layout_basic, kennysheep_slug_shrine,
          nicolae_dithmenos_through_a_glass_darkly, first_ration,
          kennysheep_generic_room_15
D:3:      layout_basic, lemuel_round_altar, uniq_grinder, uniq_jessica
D:4:      layout_loops_cross, marbit_many_paths, minmay_pentomino_pile,
          uniq_purgy, uniq_blork_the_orc

Table legend:
 A = Turns spent in this place as a percentage of turns spent in the entire game.
 B = Non-inter-level travel turns spent in this place as a percentage of non-inter-level travel turns spent in the entire game.
 C = Inter-level travel turns spent in this place as a percentage of turns spent in this place.
 D = Turns resting spent in this place as a percentage of non-inter-level travel turns spent in this place.
 E = Turns spent auto-exploring this place as a percentage of non-inter-level travel turns spent in this place.
 F = Non-inter-level travel turns spent in this place divided by the number of levels of this place that you've seen.
                   A       B       C       D       E      F
               +-------+-------+-------+-------+-------+----------------------
         Total | 100.0 | 100.0 |   3.2 |   0.0 |   0.0 | 420.2
       Dungeon | 100.0 | 100.0 |   3.2 |   0.0 |   0.0 | 420.2
               +-------+-------+-------+-------+-------+----------------------

Table legend:
 A = Kills in this place as a percentage of kills in entire the game.
 B = Kills by you in this place as a percentage of kills by you in the entire game.
 C = Kills by friends in this place as a percentage of kills by friends in the entire game.
 D = Other kills in this place as a percentage of other kills in the entire game.
 E = Experience gained in this place as a percentage of experience gained in the entire game.
 F = Experience gained in this place divided by the number of levels of this place that you have seen.
                   A       B       C       D       E      F
               +-------+-------+-------+-------+-------+----------------------
         Total | 100.0 | 100.0 |   N/A |   N/A | 100.0 | 311.0
       Dungeon | 100.0 | 100.0 |   N/A |   N/A | 100.0 | 311.0
               +-------+-------+-------+-------+-------+----------------------
